Map: Ulrena

Players

ParryHoTTer - Winner!

  • Race: Terran Terran
  • League: Bronze

LMLelas

  • Race: Zerg Zerg
  • League: Silver

VOD

Have the link to the VOD?

Description

Time

  • Played on: May 4, 2016, 2:26 a.m.
  • Length: 9:31
Show
View Real Time Build Order
Export as new Build Order

ParryHoTTer Terran - Winner!

Build Orders:  

Get SALT Encoding   

  12  0:01  SCV  
  13  0:13  SCV  
  14  0:19  Supply Depot  
  14  0:26  SCV  
  15  0:31  Supply Depot  
  15  0:41  SCV  
  16  0:44  Supply Depot  
  16  0:53  SCV  
  17  1:05  SCV  
  17  1:10  Refinery  
  18  1:13  Refinery  
  18  1:17  SCV  
  19  1:29  SCV  
  19  1:32  Barracks  
  20  1:41  SCV  
  21  1:53  SCV  
  22  1:59  Supply Depot  
  22  2:05  SCV  
  23  2:18  SCV  
  23  2:21  Supply Depot  
  23  2:22  Factory  
  24  2:25  Marine  
  25  2:43  Marine  
  25  2:44  Supply Depot  
  26  3:00  Marine  
  27  3:09  Starport  
  27  3:16  Starport  
  31  3:20  SCV  
  31  3:26  Barracks Reactor  
  30  3:28  Factory Reactor  
  30  3:32  SCV  
  29  3:44  SCV  
  29  3:47  Medivac  
  32  3:53  Starport Tech Lab  
  32  4:03  Marine  
  32  4:04  Marine  
  32  4:06  Hellion x2  
  38  4:13  Banshee  
  41  4:17  Starport Tech Lab  
  41  4:36  Banshee  
  44  4:52  Engineering Bay  
  44  4:54  SCV  
  44  4:55  Banshee  
  48  5:03  Command Center  
  48  5:12  Refinery  
  48  5:14  Refinery  
  48  5:19  Banshee  
  51  5:29  Missile Turret  
  51  5:32  Missile Turret  
  51  5:45  Banshee  
  54  5:55  Missile Turret  
  54  6:02  Banshee  
  57  6:19  Planetary Fortress  
  57  6:20  Missile Turret  
  57  6:27  Banshee  
  60  7:36  Marine x2  
  62  7:38  Hellion x2  
  62  7:40  Banshee  
  69  7:54  Marine x2  
  69  8:11  Marine  
  69  8:12  Marine  
  70  8:13  Hellion  
  70  8:35  Hellion  
  70  8:37  Marine x2  
  70  8:38  SCV  
  69  8:46  Hellion  
  70  8:52  SCV  
  68  8:57  Hellion  
  69  9:04  SCV  
  69  9:08  Hellion  
  68  9:16  SCV  
Show
View Real Time Build Order
Export as new Build Order

LMLelas Zerg 

Build Orders: Hatch First 

Get SALT Encoding   

  12  0:01  Drone  
  13  0:09  Drone  
  14  0:14  Extractor  
  14  0:16  Drone  
  15  0:23  Overlord  
  15  0:41  Drone x2  
  17  0:50  Drone  
  18  1:02  Drone  
  18  1:03  Hatchery  
  18  1:12  Extractor  
  18  1:15  Spawning Pool  
  17  1:18  Drone  
  17  1:21  Drone  
  18  1:28  Drone  
  19  1:39  Overlord  
  19  1:53  Drone  
  20  2:06  Queen  
  22  2:14  Zergling x2  
  22  2:15  Zergling x2  
  24  2:19  Metabolic Boost  
  24  2:23  Drone x2  
  26  2:36  Queen  
  28  2:38  Drone  
  28  2:39  Drone x2  
  28  2:42  Queen  
  33  3:00  Drone x3  
  36  3:09  Overlord  
  36  3:35  Drone x4  
  36  3:36  Drone x2  
  42  3:42  Extractor  
  41  3:54  Drone x3  
  44  3:56  Overlord  
  44  3:57  Overlord  
  44  4:14  Extractor  
  44  4:16  Roach Warren  
  42  4:42  Drone  
  42  4:43  Drone x3  
  42  4:44  Drone  
  42  4:45  Drone  
  48  4:51  Lair  
  48  4:58  Evolution Chamber  
  47  5:03  Pneumatized Carapace  
  47  5:18  Roach  
  47  5:19  Roach x5  
  47  5:20  Overlord x4  
  59  5:25  Zerg Missile Weapons Level 1  
  59  5:31  Evolution Chamber  
  58  6:11  Overseer  
  58  6:18  Roach x9  
  70  6:19  Roach x3  
  70  6:20  Extractor  
  70  6:21  Glial Reconstitution  
  70  6:23  Zerg Ground Armor Level 1  
  71  6:46  Spore Crawler  
  61  6:54  Queen  
  57  7:07  Ravager  
  57  7:08  Ravager x4  
  59  7:09  Hatchery  
  59  7:10  Spine Crawler  
  44  7:29  Queen  
  38  7:30  Roach x2  
  38  7:31  Roach x6  
  33  8:05  Queen  
  33  8:19  Drone  
  34  8:20  Drone x5  
  35  8:30  Spore Crawler  
  18  8:57  Drone  
  18  8:58  Drone  
Tags
 
Add a new tag
Caveats
  • Supply blocks, unpowered buildings, or Contaminate may cause inaccurate times.
  • Supply counts are checked every 10 seconds.